 Dungeon Crawl Stone Soup version 0.22-a0-78-g0f8607c (webtiles) character file.

13033 Kidiri the Thaumaturge (level 11, -7/68 HPs)
             Began as a Deep Elf Fire Elementalist on Jan 16, 2018.
             Was an Elder of Vehumet.
             Mangled by Rupert
             ... wielding a +1 executioner's axe of chopping
              (36 damage)
             ... while paralysed by Rupert
             ... on level 3 of the Lair of Beasts.
             The game lasted 00:36:51 (12617 turns).

Kidiri the Thaumaturge (DEFE)                      Turns: 12617, Time: 00:36:52

Health: -7/68      AC: 10    Str: 11    XL:     11   Next: 70%
Magic:  21/29      EV:  2    Int: 28    God:    Vehumet [****..]
Gold:   659        SH:  0    Dex: 15    Spells: 7/35 levels left

rFire    + + .     SeeInvis .   i - +4 trident of the Wasp {holy, Str+6 Int+4}
rCold    . . .     Gourm    .   (no shield)
rNeg     + . .     Faith    .   x - +2 robe {rN+}
rPois    .         Spirit   .   (helmet restricted)
rElec    .         Reflect  .   o - +2 cloak
rCorr    .         Harm     .   s - +2 pair of gloves
MR       +....                  (no boots)
Stlth    +.........             d - amulet of regeneration
HPRegen  0.61/turn              A - ring of protection from fire
MPRegen  0.21/turn              H - ring of protection from fire

@: confused, paralysed
A: hooves 1, horns 1, blink, robust 1
a: Blink, Renounce Religion


You were on level 3 of the Lair of Beasts.
You worshipped Vehumet.
Vehumet was greatly pleased with you.
You were not hungry.

You visited 3 branches of the dungeon, and saw 12 of its levels.

You collected 659 gold pieces.

Inventory:

Hand Weapons
 f - a +2 dagger of flaming
 i - the +4 trident of the Wasp (weapon) {holy, Str+6 Int+4}
   (You found it on level 7 of the Dungeon)

   It has been blessed by the Shining One to cause great damage to the undead
   and demons.
   It affects your strength (+6).
   It affects your intelligence (+4).
 p - a +2 dagger of venom
 t - a +3 dagger of speed
 D - a +0 dagger of electrocution
Armour
 o - a +2 cloak (worn)
 s - a +2 pair of gloves (worn)
 x - a +2 robe of positive energy (worn)
Jewellery
 d - an amulet of regeneration (around neck)
 A - a ring of protection from fire (left hand)
 H - a ring of protection from fire (right hand)
Wands
 j - a wand of polymorph (25)
 l - a wand of clouds (7)
 n - a wand of paralysis (9)
 u - a wand of flame (19)
 w - a wand of random effects (67)
 z - a wand of digging (14)
Scrolls
 a - a scroll of magic mapping
 e - 6 scrolls of remove curse
 y - a scroll of fear
 B - 2 scrolls of amnesia
 I - 2 scrolls of teleportation
Potions
 g - 2 potions of resistance
 h - 2 potions of agility
 k - a potion of berserk rage
 m - 3 potions of flight
 q - 2 potions of brilliance
 v - 3 potions of ambrosia {unknown}
 E - 2 potions of lignification
Books
 b - a book of Flames

   Spells                             Type                      Level
   a - Flame Tongue                   Conjuration/Fire             1
   b - Throw Flame                    Conjuration/Fire             2
   c - Conjure Flame                  Conjuration/Fire             3
   d - Inner Flame                    Hexes/Fire                   3
   e - Sticky Flame                   Conjuration/Fire             4
   f - Fireball                       Conjuration/Fire             5
Comestibles
 c - 21 rations


   Skills:
 + Level 4.8 Fighting
 + Level 5.8 Short Blades
 + Level 4.6 Armour
 + Level 7.4 Dodging
 - Level 2.4 Stealth
 * Level 12.6 Spellcasting
 + Level 7.7 Conjurations
 + Level 8.1 Fire Magic
 + Level 4.4 Air Magic
 + Level 3.3 Earth Magic
 + Level 1.1 Poison Magic


You had 7 spell levels left.
You knew the following spells:

 Your Spells              Type           Power        Failure   Level  Hunger
a - Flame Tongue          Conj/Fire      #####        1%          1    None
b - Throw Flame           Conj/Fire      ######       1%          2    None
c - Conjure Flame         Conj/Fire      ######..     1%          3    None
d - Inner Flame           Hex/Fire       #####...     1%          3    None
e - Sticky Flame          Conj/Fire      ######..     1%          4    None
f - Fireball              Conj/Fire      ######....   1%          5    ##.....
g - Shock                 Conj/Air       ####         1%          1    None
h - Iron Shot             Conj/Erth      #####.....   13%         6    ####...
i - Mephitic Cloud        Conj/Pois/Air  #####...     1%          3    None


Dungeon Overview and Level Annotations

Branches:
Dungeon (8/15)             Temple (1/1) D:5            Lair (3/6) D:8
  Snake (0/4) Lair:3
  Swamp: Lair:2-4    Shoals: Lair:2-4

Altars:
Ashenzari
Cheibriados
Dithmenos
Elyvilon
Fedhas
Gozag
Hepliaklqana
Kikubaaqudgha
Makhleb
Nemelex Xobeh
Okawaru
Qazlal
Ru
Sif Muna
Trog
Uskayaw
Vehumet
Wu Jian
Xom
Yredelemnul
Zin
The Shining One
Beogh

Annotations:
Lair:3 Rupert, Urug


Innate Abilities, Weirdness & Mutations

You have large cloven feet.
You have a pair of small horns on your head.
You can translocate small distances at will.
You are robust. (+10% HP)


Message History

You are confused.
You hear a shout!
Rupert is engulfed in noxious fumes.
Rupert yells loudly at you.
You suddenly lose the ability to move!
You are engulfed in noxious fumes.
You feel less confused.
Rupert is engulfed in noxious fumes.
Rupert hits you with an executioner's axe of chopping!!
You are engulfed in noxious fumes.
You choke on the stench!
You are confused.
Rupert is engulfed in noxious fumes.
Rupert roars madly and goes into a rage!
Rupert goes berserk!
You are engulfed in noxious fumes.
You choke on the stench!
You are more confused.
Rupert is engulfed in noxious fumes.
Rupert hits you with an executioner's axe of chopping!!!
Ouch! That really hurt!
You die...

#...## #.#
#..(.###.##
##....##..#
##..###.## ###
#...###.#
....##P.P##P.#
......§.§....###
.......@§....#.#
......§@......##
.............##
.............#
.................##
..............#.#..#
#.......######.#..P#
.#......##......#.P#
.......##........##
#.....##.....##.#


You could see Rupert (berserk).

Vanquished Creatures
  Erica (Lair:2)
  2 two-headed ogres (D:8)
  Sonja (Lair:1)
  2 oklob plants
  2 black mambas
  2 spiny frogs (Lair:2)
  A rime drake (Lair:2)
  3 komodo dragons
  The ghost of Cenon the Insei, an amateur DgTm (D:5)
  2 hippogriffs
  Grinder (D:3)
  Sigmund (D:6)
  Eustachio (D:5)
  2 wyverns
  7 yaks (Lair:1)
  Grum (Lair:1)
  3 water moccasins
  3 porcupines
  3 orc warriors
  2 ice beasts (D:8)
  A phantom (D:7)
  4 wolves (Lair:1)
  5 ogres
  A centaur (D:8)
  3 crocodiles
  2 big kobolds (D:8)
  5 bullfrogs
  5 scorpions
  9 killer bees
  A howler monkey (D:5)
  7 jellies
  2 centaur zombies
  An electric eel (Lair:2)
  5 crimson imps
  4 hounds
  3 bullfrog skeletons
  An orc priest (D:6)
  2 iguanas
  Ijyb (D:5)
  Terence (D:3)
  Natasha (thrice) (D:3)
  8 orc wizards
  8 worker ants
  12 adders
  A shadow imp (D:2)
  13 oozes
  An adder skeleton (D:5)
  3 worms (D:2)
  3 leopard geckos
  44 orcs
  7 bats
  2 giant cockroaches
  5 goblins
  8 hobgoblins
  5 jackals
  3 quokkas
  A ball python (D:2)
  A ball python zombie (D:5)
  9 frilled lizards
  A jackal skeleton (D:6)
  20 kobolds
  3 quokka skeletons
  8 rats
  A fungus (D:8)
  3 plants (Lair:2)
277 creatures vanquished.

Vanquished Creatures (others)
  6 fungi (Lair:1)
6 creatures vanquished.

Grand Total: 283 creatures vanquished

Notes
Turn   | Place    | Note
-------+----------+-------------------------------------------
     0 | D:1      | Kidiri the Deep Elf Fire Elementalist began the quest for the Orb.
     0 | D:1      | Reached XP level 1. HP: 10/10 MP: 6/6
    96 | D:1      | Reached XP level 2. HP: 10/15 MP: 1/8
   226 | D:1      | Learned a level 2 spell: Throw Flame
   892 | D:2      | Reached skill level 4 in Spellcasting
  1008 | D:2      | Reached XP level 3. HP: 19/19 MP: 5/10
  1013 | D:2      | Learned a level 3 spell: Conjure Flame
  1017 | D:2      | Learned a level 3 spell: Inner Flame
  1483 | D:2      | Reached XP level 4. HP: 24/24 MP: 8/12
  1968 | D:3      | Reached skill level 5 in Spellcasting
  1974 | D:3      | Learned a level 4 spell: Sticky Flame
  2011 | D:3      | Noticed Terence
  2019 | D:3      | Killed Terence
  2062 | D:3      | Noticed Natasha
  2069 | D:3      | Killed Natasha
  2069 | D:3      | Reached XP level 5. HP: 11/28 MP: 3/15
  2105 | D:3      | Noticed Natasha
  2273 | D:3      | Killed Natasha
  2362 | D:3      | Noticed Natasha
  2364 | D:3      | Killed Natasha
  2610 | D:3      | Found an ornate altar of the Wu Jian Council.
  2640 | D:3      | Noticed Grinder
  3089 | D:3      | Killed Grinder
  3089 | D:3      | Reached skill level 6 in Spellcasting
  3089 | D:3      | Reached XP level 6. HP: 26/32 MP: 7/17
  3096 | D:3      | Learned a level 5 spell: Fireball
  3254 | D:4      | Reached skill level 7 in Spellcasting
  3368 | D:4      | Reached skill level 5 in Fire Magic
  3402 | D:4      | Reached XP level 7. HP: 37/37 MP: 8/19
  3439 | D:4      | Reached skill level 1 in Short Blades
  3634 | D:4      | Reached skill level 1 in Fighting
  3749 | D:4      | Reached skill level 1 in Armour
  3859 | D:4      | Found a stormy altar of Qazlal.
  3860 | D:4      | Found a glowing golden altar of the Shining One.
  4002 | D:5      | Entered Level 5 of the Dungeon
  4002 | D:5      | Noticed Ijyb
  4008 | D:5      | Killed Ijyb
  4050 | D:5      | Noticed Cenon's ghost (amateur DgTm)
  4082 | D:5      | Killed Cenon's ghost
  4082 | D:5      | Reached skill level 8 in Spellcasting
  4082 | D:5      | Reached XP level 8. HP: 29/43 MP: 2/22
  4334 | D:5      | Found an ancient bone altar of Kikubaaqudgha.
  4754 | D:5      | Noticed Eustachio
  4769 | D:5      | Killed Eustachio
  4836 | D:5      | Found a staircase to the Ecumenical Temple.
  4845 | Temple   | Entered the Ecumenical Temple
  5016 | Temple   | Became a worshipper of Vehumet
  5040 | D:5      | Reached skill level 5 in Conjurations
  5147 | D:6      | Reached skill level 9 in Spellcasting
  5442 | D:6      | Noticed Sigmund
  5671 | D:6      | Found a runed door.
  5773 | D:6      | Found a stormy altar of Qazlal.
  5955 | D:6      | Reached XP level 9. HP: 49/49 MP: 10/24
  5962 | D:6      | Reached * piety under Vehumet
  5962 | D:6      | Offered knowledge of Shock by Vehumet.
  6164 | D:6      | Found a roughly hewn altar of Beogh.
  6322 | D:6      | Killed Sigmund
  6379 | D:6      | Learned a level 1 spell: Shock
  6486 | D:7      | Reached skill level 5 in Dodging
  6653 | D:7      | Reached skill level 10 in Spellcasting
  6812 | D:7      | Reached skill level 1 in Air Magic
  7186 | D:7      | Found a deep blue altar of Sif Muna.
  7188 | D:7      | Found a shimmering altar of Xom.
  7188 | D:7      | Found a shimmering altar of Xom.
  7190 | D:7      | Found a radiant altar of Vehumet.
  7190 | D:7      | Found a shattered altar of Ashenzari.
  7190 | D:7      | Found a snail-covered altar of Cheibriados.
  7396 | D:8      | Found a staircase to the Lair.
  7413 | D:8      | Reached ** piety under Vehumet
  7422 | D:8      | Offered knowledge of Searing Ray by Vehumet.
  7571 | D:7      | Got an encrusted trident
  7572 | D:7      | Identified the +4 trident of the Wasp {holy, Str+6 Int+4} (You found it on level 7 of the Dungeon)
  7713 | D:8      | Reached XP level 10. HP: 56/56 MP: 18/26
  7720 | D:8      | Noticed a two-headed ogre
  7740 | D:8      | Killed a two-headed ogre
  7823 | D:8      | Found a hide-covered altar of Uskayaw.
  8052 | D:8      | Reached skill level 11 in Spellcasting
  8227 | D:8      | Noticed a two-headed ogre
  8236 | D:8      | Killed a two-headed ogre
  8278 | D:8      | Found a bloodstained altar of Trog.
  8528 | D:8      | Offered knowledge of Stone Arrow by Vehumet.
  8536 | D:8      | Learned a level 3 spell: Stone Arrow
  9048 | D:8      | Reached *** piety under Vehumet
  9334 | Lair:1   | Entered Level 1 of the Lair of Beasts
  9371 | Lair:1   | Noticed a black mamba
  9390 | Lair:1   | Killed a black mamba
  9396 | Lair:1   | Reached skill level 1 in Earth Magic
  9604 | Lair:1   | Gained mutation: You have a pair of small horns on your head. [potion of mutation]
  9604 | Lair:1   | Gained mutation: You are robust. (+10% HP) [potion of mutation]
  9604 | Lair:1   | Gained mutation: You have large cloven feet. [potion of mutation]
  9604 | Lair:1   | Gained mutation: You can translocate small distances at will. [potion of mutation]
  9689 | Lair:1   | Reached skill level 5 in Short Blades
  9908 | Lair:1   | Noticed Grum
  9921 | Lair:1   | Killed Grum
  9929 | Lair:1   | Reached XP level 11. HP: 67/67 MP: 15/28
 10081 | Lair:1   | Noticed Sonja
 10230 | Lair:1   | Offered knowledge of Iskenderun's Mystic Blast by Vehumet.
 10305 | Lair:1   | Killed Sonja
 10305 | Lair:1   | Reached skill level 12 in Spellcasting
 10365 | Lair:1   | Noticed an oklob plant
 10694 | Lair:1   | Killed an oklob plant
 10900 | Lair:2   | Reached **** piety under Vehumet
 11424 | Lair:2   | Noticed an oklob plant
 11443 | Lair:2   | Noticed Erica
 11582 | Lair:2   | Offered knowledge of Mephitic Cloud by Vehumet.
 11589 | Lair:2   | Learned a level 3 spell: Mephitic Cloud
 11601 | Lair:2   | Identified the Catalogue of Hurtful Moulding
 11817 | Lair:2   | Learned a level 6 spell: Iron Shot
 12210 | Lair:2   | Killed Erica
 12358 | Lair:2   | Killed an oklob plant
 12358 | Lair:2   | Reached skill level 1 in Poison Magic
 12582 | Lair:3   | Noticed Urug
 12597 | Lair:3   | Found a staircase to the Snake Pit.
 12597 | Lair:3   | Noticed Rupert
 12607 | Lair:3   | Paralysed by Rupert for 6 turns
 12614 | Lair:3   | Paralysed by Rupert for 7 turns
 12617 | Lair:3   | Mangled by Rupert

Vault maps used:
D:1:      dpeg_arrival_ternary, hangedman_decor_points
D:2:      first_ration
D:3:      lemuel_round_altar, minmay_misc_feat_x, uniq_grinder, uniq_terence,
          uniq_natasha
D:4:      gammafunk_temple_overflow_statue
D:5:      overflow_temple_1_default, temple_fountains, minmay_holes,
          uniq_eustachio, uniq_ijyb
D:6:      basic_altar, lightli_church_of_beogh, uniq_sigmund
D:7:      doesnt_xom_only_xom
D:8:      lemuel_coloured_pillars_altar, eat_drink_and_be_merry_uskayaw,
          dpeg_oklobed_lair
Temple:   regret_index_temple_sphere_string
Lair:1:   lemuel_slime, serial_bayou_pond_e, uniq_sonja, uniq_grum
Lair:2:   lemuel_fruit_fields, infiniplex_staircase_pool,
          minmay_lair_oklob_chamber, uniq_erica
Lair:3:   guppyfry_snake_entry_garden, uniq_rupert, uniq_urug

Skill      XL: |  1  2  3  4  5  6  7  8  9 10 11 |
---------------+----------------------------------+-----
Spellcasting   | 4 5 6 7 8 9 10 11 12 | 12.6
Conjurations   | 2 3 4 5 6 7 |  7.7
Fire Magic     | 4 5 6 7 8 |  8.1
Short Blades   | 2 3 4 5 |  5.8
Dodging        | 3 4 5 6 7 |  7.4
Fighting       | 1 2 3 4 |  4.8
Armour         | 1 2 3 4 |  4.6
Air Magic      | 2 3 4 |  4.4
Earth Magic    | 1 3 |  3.3
Poison Magic   | 1 |  1.1
Stealth        | |  2.4

Action                   |  1- 3 |  4- 6 |  7- 9 | 10-12 || total
-------------------------+-------+-------+-------+-------++-------
Melee: Club              |    10 |       |       |       ||    10
       Dagger            |    13 |     6 |   188 |       ||   207
       Trident           |       |       |     1 |   127 ||   128
       Headbutt          |       |       |       |    16 ||    16
       Kick              |       |       |       |    14 ||    14
Throw: Throwing net      |       |       |       |     1 ||     1
 Cast: Flame Tongue      |    54 |    51 |   115 |   145 ||   365
       Throw Flame       |     1 |    13 |    10 |    20 ||    44
       Sticky Flame      |       |     4 |    27 |    16 ||    47
       Conjure Flame     |       |     1 |     8 |     4 ||    13
       Inner Flame       |       |     1 |     9 |     3 ||    13
       Fireball          |       |       |     1 |    12 ||    13
       Mephitic Cloud    |       |       |       |     3 ||     3
       Iron Shot         |       |       |       |     3 ||     3
       Stone Arrow       |       |       |       |     2 ||     2
 Abil: Blink             |       |       |       |     1 ||     1
Evoke: Wand              |       |       |     1 |       ||     1
  Use: Scroll            |     4 |     7 |     7 |     8 ||    26
       Potion            |       |       |     7 |     1 ||     8
 Stab: Sleeping          |     2 |       |     5 |     2 ||     9
       Paralysed         |       |       |     4 |       ||     4
       Distracted        |       |       |     1 |       ||     1
  Eat: Chunk             |     2 |     5 |    12 |    10 ||    29
       Ration            |       |     1 |       |     2 ||     3
Armor: Robe              |     2 |    11 |    27 |    36 ||    76
       Leather armour    |       |       |    24 |       ||    24
Dodge: Dodged            |    27 |    24 |   193 |   122 ||   366

Table legend:
 A = Spawn XP
 B = Non-spawn XP
 C = Spawn XP percentage of total XP
 D = Spawn monster count
 E = Non-spawn monster count
 F = Spawn count percentage of total count
 G = Total turns spent on level
                    A         B        C        D         E        F      G
               +---------+---------+-------+---------+---------+-------+---------
         Total |       0 |   18619 |   0.0 |       0 |     273 |   0.0 | 12617
               +---------+---------+-------+---------+---------+-------+---------
           D:1 |       0 |      31 |   0.0 |       0 |      22 |   0.0 |   644
           D:2 |       0 |      93 |   0.0 |       0 |      25 |   0.0 |  1337
           D:3 |       0 |     430 |   0.0 |       0 |      18 |   0.0 |  1356
           D:4 |       0 |     497 |   0.0 |       0 |      21 |   0.0 |   683
           D:5 |       0 |    1169 |   0.0 |       0 |      22 |   0.0 |  1041
           D:6 |       0 |    1196 |   0.0 |       0 |      40 |   0.0 |  1242
           D:7 |       0 |    1267 |   0.0 |       0 |      19 |   0.0 |   983
           D:8 |       0 |    3420 |   0.0 |       0 |      49 |   0.0 |  1955
        Lair:1 |       0 |    5356 |   0.0 |       0 |      38 |   0.0 |  1415
        Lair:2 |       0 |    4955 |   0.0 |       0 |      18 |   0.0 |  1711
        Lair:3 |       0 |     205 |   0.0 |       0 |       1 |   0.0 |    68
               +---------+---------+-------+---------+---------+-------+---------
